SAA
IRVING BLUE SOX @ LITTLE CAESARS HOT N READYS
05/11/2034
 
TOP OF THE 1ST
Irving Blue Sox batting - Pitching for Little Caesars Hot N Readys : LHP Pablo Aguilar
Pitching: LHP Pablo Aguilar
Batting: RHB Justin Smelter 0-0: Called Strike
0-1: Swinging Strike
0-2: Strikes out swinging
Batting: RHB Carlos Garza 0-0: Ball
1-0: Ball
2-0: Fly out, F7 (Line Drive, 7)
Batting: LHB Salvador Ramírez 0-0: Ball
1-0: Ball
2-0: SINGLE (Groundball, 4MD)
Batting: RHB Vince Staples 0-0: Ball
1-0: Fly out, F8 (Flyball, 8LM)
Top of the 1st over - 0 runs, 1 hit, 0 errors, 1 left on base; Irving 0 - Little Caesars 0
BOTTOM OF THE 1ST
Little Caesars Hot N Readys batting - Pitching for Irving Blue Sox : RHP Peter Glenn
Pitching: RHP Peter Glenn
Batting: LHB Nathan Housden 0-0: Foul Ball, location: 2F
0-1: Ball
1-1: Swinging Strike
1-2: Foul Ball, location: 2F
1-2: Ball
2-2: Ball
3-2: Base on Balls
Batting: SHB Allen Pandey 0-0: Ball
1-0: Ball
2-0: Foul Ball, location: 2F
2-1: Foul Ball, location: 2F
2-2: Ground out U3 (Groundball, 34)
Nathan Housden to second
Batting: RHB Cornelio Japón 0-0: Called Strike
0-1: Ball
Nathan Housden steals 3rd base
1-1: Ground out 1-3 (Groundball, 13S)
Batting: LHB Manuel Estrada 0-0: Ball
1-0: Ball
2-0: Foul Ball, location: 2F
2-1: Foul Ball, location: 2F
2-2: Ball
3-2: Foul Ball, location: 2F
3-2: Foul Ball, location: 2F
3-2: Base on Balls
Batting: SHB Robby Patterson 0-0: Called Strike
0-1: Foul Ball, location: 2F
0-2: Fly out, F9 (Flyball, 89M)
Bottom of the 1st over - 0 runs, 0 hits, 0 errors, 2 left on base; Irving 0 - Little Caesars 0
TOP OF THE 2ND
Irving Blue Sox batting - Pitching for Little Caesars Hot N Readys : LHP Pablo Aguilar
Batting: LHB Juan Jimínez 0-0: Ball
1-0: SOLO HOME RUN (Flyball, 9LD), Distance : 363 ft
Batting: SHB Rafael Porfrio 0-0: Ball
1-0: Swinging Strike
1-1: Called Strike
1-2: Foul Ball, location: 2F
1-2: Ball
2-2: Ball
3-2: Strikes out looking
Batting: RHB Enrique Gómez 0-0: Called Strike
0-1: Called Strike
0-2: Foul Ball, location: 2F
0-2: Foul Ball, location: 2F
0-2: Foul Ball, location: 2F
0-2: Ground out 6-3 (Groundball, 6MS)
Batting: LHB Brenton Winston 0-0: Foul Ball, location: 2F
0-1: Ball
1-1: Ball
2-1: Called Strike
2-2: Ball
3-2: Strikes out swinging
Top of the 2nd over - 1 run, 1 hit, 0 errors, 0 left on base; Irving 1 - Little Caesars 0
BOTTOM OF THE 2ND
Little Caesars Hot N Readys batting - Pitching for Irving Blue Sox : RHP Peter Glenn
Batting: SHB Quentin Harrop 0-0: Ball
1-0: Ball
2-0: Foul Ball, location: 2F
2-1: SOLO HOME RUN (Flyball, 9D), Distance : 385 ft
Batting: SHB Jorge Iglésias 0-0: Fly out, F9 (Flyball, 9)
Batting: RHB Tomas van Noord 0-0: Ball
1-0: Ball
2-0: Foul Ball, location: 2F
2-1: Called Strike
2-2: Foul Ball, location: 2F
2-2: Strikes out swinging
Batting: RHB Martin Dalling 0-0: Called Strike
0-1: Ball
1-1: SINGLE (Groundball, 6MD)
Batting: LHB Nathan Housden 0-0: Called Strike
0-1: SINGLE (Groundball, 4MD)
Martin Dalling to second
Runner from 2nd tries for 3rd, SAFE, no throw
Batting: SHB Allen Pandey 0-0: Ball
1-0: Foul Ball, location: 2F
1-1: Fly out, F6 (Line Drive, 6)
Bottom of the 2nd over - 1 run, 3 hits, 0 errors, 2 left on base; Irving 1 - Little Caesars 1
TOP OF THE 3RD
Irving Blue Sox batting - Pitching for Little Caesars Hot N Readys : LHP Pablo Aguilar
Batting: LHB Gidde Collin 0-0: DOUBLE (Line Drive, 9LD)
Batting: RHB Justin Smelter 0-0: Called Strike
0-1: Ground out U3 (Groundball, 34S)
Gidde Collin to third
Batting: RHB Carlos Garza 0-0: Called Strike
0-1: Ball
1-1: Ball
2-1: SINGLE (Groundball, 6MD)
Gidde Collin scores
Batting: LHB Salvador Ramírez 0-0: Foul Ball, location: 2F
0-1: Fly out, F7 (Flyball, 7D)
Batting: RHB Vince Staples 0-0: Ball
1-0: Swinging Strike
1-1: Ball
2-1: Ground out 4-3 (Groundball, 4)
Top of the 3rd over - 1 run, 2 hits, 0 errors, 1 left on base; Irving 2 - Little Caesars 1
BOTTOM OF THE 3RD
Little Caesars Hot N Readys batting - Pitching for Irving Blue Sox : RHP Peter Glenn
Batting: RHB Cornelio Japón 0-0: Called Strike
0-1: Ball
1-1: Ball
2-1: Ball
3-1: Base on Balls
Batting: LHB Manuel Estrada 0-0: Ball
1-0: Called Strike
1-1: Ball
2-1: Foul Ball, location: 2F
2-2: Strikes out swinging
Batting: SHB Robby Patterson 0-0: Ball
1-0: Ball
2-0: Foul Ball, location: 2F
2-1: Foul Ball, location: 2F
2-2: Ball
3-2: Foul Ball, location: 2F
3-2: SINGLE (Groundball, 34D)
Cornelio Japón to second
Cornelio Japón to third
Batting: SHB Quentin Harrop 0-0: Called Strike
0-1: Foul Ball, location: 2F
0-2: SINGLE (Line Drive, 34)
Cornelio Japón scores
Robby Patterson to second
Batting: SHB Jorge Iglésias 0-0: Ball
1-0: Called Strike
1-1: Swinging Strike
1-2: Ball
2-2: Ball
3-2: Base on Balls
Robby Patterson to third
Quentin Harrop to second
Batting: RHB Tomas van Noord 0-0: SINGLE (Groundball, 6MD)
Robby Patterson scores
Quentin Harrop to third
Jorge Iglésias to second
Runner from 3rd tries for Home, SAFE, no throw
Batting: RHB Martin Dalling 0-0: Ball
1-0: Called Strike
1-1: Fly out, F8 (Flyball, 89M)
Pitching: RHP Manuel Montero
Batting: LHB Nathan Housden 0-0: Ball
1-0: Ball
2-0: Ball
3-0: Called Strike
3-1: Foul Ball, location: 2F
3-2: Base on Balls
Jorge Iglésias to third
Tomas van Noord to second
Batting: SHB Allen Pandey 0-0: Swinging Strike
0-1: Foul Ball, location: 2F
0-2: Fly out, F7 (Flyball, 7)
Bottom of the 3rd over - 3 runs, 3 hits, 0 errors, 3 left on base; Irving 2 - Little Caesars 4
TOP OF THE 4TH
Irving Blue Sox batting - Pitching for Little Caesars Hot N Readys : LHP Pablo Aguilar
Batting: LHB Juan Jimínez 0-0: Fly out, F3 (Line Drive, 3S)
Batting: SHB Rafael Porfrio 0-0: Called Strike
0-1: Ball
1-1: Ball
2-1: Foul Ball, location: 2F
2-2: Strikes out looking
Batting: RHB Enrique Gómez 0-0: Ball
1-0: Ball
2-0: Ball
3-0: Base on Balls
Batting: LHB Brenton Winston 0-0: Foul Ball, location: 2F
0-1: Ball
1-1: Ball
2-1: Ball
3-1: Called Strike
3-2: Foul Ball, location: 2F
3-2: Foul Ball, location: 2F
3-2: Foul Ball, location: 2F
3-2: Foul Ball, location: 2F
3-2: Fly out, F8 (Flyball, 8RM)
Top of the 4th over - 0 runs, 0 hits, 0 errors, 1 left on base; Irving 2 - Little Caesars 4
BOTTOM OF THE 4TH
Little Caesars Hot N Readys batting - Pitching for Irving Blue Sox : RHP Manuel Montero
Batting: RHB Cornelio Japón 0-0: SINGLE (Groundball, 56D)
Batting: LHB Manuel Estrada 0-0: Called Strike
Cornelio Japón is caught stealing 2nd base
0-1: Swinging Strike
0-2: Fly out, F7 (Flyball, 7S)
Batting: SHB Robby Patterson 0-0: Ball
1-0: Ball
2-0: Ball
3-0: Base on Balls
Batting: SHB Quentin Harrop 0-0: Ball
1-0: Foul Ball, location: 2F
1-1: Ball
2-1: Called Strike
2-2: Foul Ball, location: 2F
2-2: Ground out 4-3 (Groundball, 4)
Bottom of the 4th over - 0 runs, 1 hit, 0 errors, 1 left on base; Irving 2 - Little Caesars 4
TOP OF THE 5TH
Irving Blue Sox batting - Pitching for Little Caesars Hot N Readys : LHP Pablo Aguilar
Batting: LHB Gidde Collin 0-0: Called Strike
0-1: Ball
1-1: Foul Ball, location: 2F
1-2: Ground out 4-3 (Groundball, 4)
Batting: RHB Justin Smelter 0-0: Swinging Strike
0-1: SINGLE (Groundball, 4D)
Batting: RHB Carlos Garza 0-0: Called Strike
0-1: Ball
1-1: Foul Ball, location: 2F
1-2: Foul Ball, location: 2F
1-2: SINGLE (Flyball, 78S)
Justin Smelter to second
Batting: LHB Salvador Ramírez 0-0: Called Strike
0-1: Foul Ball, location: 2F
0-2: Foul Ball, location: 2F
0-2: Strikes out swinging
Batting: RHB Vince Staples 0-0: Ball
1-0: Fly out, F9 (Flyball, 9)
Top of the 5th over - 0 runs, 2 hits, 0 errors, 2 left on base; Irving 2 - Little Caesars 4
BOTTOM OF THE 5TH
Little Caesars Hot N Readys batting - Pitching for Irving Blue Sox : RHP Manuel Montero
Batting: SHB Jorge Iglésias 0-0: Called Strike
0-1: Called Strike
0-2: Ball
1-2: Foul Ball, location: 2F
1-2: Strikes out swinging
Batting: RHB Tomas van Noord 0-0: Ball
1-0: Ball
2-0: Ball
3-0: Called Strike
3-1: Foul Ball, location: 2F
3-2: Strikes out swinging
Batting: RHB Martin Dalling 0-0: Ball
1-0: Foul Ball, location: 2F
1-1: Called Strike
1-2: Strikes out swinging
Bottom of the 5th over - 0 runs, 0 hits, 0 errors, 0 left on base; Irving 2 - Little Caesars 4
TOP OF THE 6TH
Irving Blue Sox batting - Pitching for Little Caesars Hot N Readys : LHP Pablo Aguilar
Batting: LHB Juan Jimínez 0-0: Ball
1-0: Fly out, F8 (Flyball, 8RM)
Batting: SHB Rafael Porfrio 0-0: Ball
1-0: Foul Ball, location: 2F
1-1: Ball
2-1: Ball
3-1: Base on Balls
Batting: RHB Enrique Gómez 0-0: Ball
1-0: Ball
2-0: Ball
3-0: Called Strike
3-1: Foul Ball, location: 2F
3-2: Base on Balls
Rafael Porfrio to second
Batting: LHB Brenton Winston 0-0: Ball
1-0: Ball
2-0: Ball
3-0: Called Strike
3-1: Fielders Choice at 2nd, 4-6 (Groundball, 4)
Rafael Porfrio to third
Batting: LHB Gidde Collin 0-0: Ball
1-0: Called Strike
1-1: Ball
2-1: Foul Ball, location: 2F
2-2: Foul Ball, location: 2F
2-2: Strikes out swinging
Top of the 6th over - 0 runs, 0 hits, 0 errors, 2 left on base; Irving 2 - Little Caesars 4
BOTTOM OF THE 6TH
Little Caesars Hot N Readys batting - Pitching for Irving Blue Sox : RHP Manuel Montero
Batting: LHB Nathan Housden 0-0: Foul Ball, location: 2F
0-1: Foul Ball, location: 2F
0-2: Foul Ball, location: 2F
0-2: Strikes out swinging
Pitching: LHP Peter Ventola
Batting: SHB Allen Pandey 0-0: Called Strike
0-1: Ball
1-1: Ground out 5-3 (Groundball, 56)
Batting: RHB Cornelio Japón 0-0: Fly out, F7 (Line Drive, 7D)
Bottom of the 6th over - 0 runs, 0 hits, 0 errors, 0 left on base; Irving 2 - Little Caesars 4
TOP OF THE 7TH
Irving Blue Sox batting - Pitching for Little Caesars Hot N Readys : LHP Pablo Aguilar
Batting: RHB Justin Smelter 0-0: Ball
1-0: Ground out U3 (Groundball, 34S)
Batting: RHB Carlos Garza 0-0: Ball
1-0: Ball
2-0: Called Strike
2-1: Foul Ball, location: 2F
2-2: Foul Ball, location: 2F
2-2: Ball
3-2: Foul Ball, location: 2F
3-2: Base on Balls
Pitching: LHP Chance Schmidt
Batting: LHB Salvador Ramírez 0-0: Ball
1-0: Foul Ball, location: 2F
1-1: Swinging Strike
1-2: Ball
2-2: SINGLE (Groundball, 15S) (infield hit)
Carlos Garza to second
Batting: RHB Vince Staples 0-0: Foul Ball, location: 2F
0-1: Foul Ball, location: 2F
0-2: Foul Ball, location: 2F
0-2: Ball
1-2: Ball
2-2: Grounds into double play, 4-6-3 (Groundball, 4)
Top of the 7th over - 0 runs, 1 hit, 0 errors, 1 left on base; Irving 2 - Little Caesars 4
BOTTOM OF THE 7TH
Little Caesars Hot N Readys batting - Pitching for Irving Blue Sox : LHP Peter Ventola
Batting: LHB Manuel Estrada 0-0: Called Strike
0-1: Foul Ball, location: 2F
0-2: Strikes out swinging
Batting: SHB Robby Patterson 0-0: Foul Ball, location: 2F
0-1: Ball
1-1: Ball
2-1: Foul Ball, location: 2F
2-2: Foul Ball, location: 2F
2-2: Ball
3-2: Foul Ball, location: 2F
3-2: Foul Ball, location: 2F
3-2: Foul Ball, location: 2F
3-2: Base on Balls
Pitching: RHP Pong-keun Ch'oe
Batting: SHB Quentin Harrop 0-0: Ball
1-0: Called Strike
1-1: Foul Ball, location: 2F
1-2: Ball
2-2: Foul Ball, location: 2F
2-2: Foul Ball, location: 2F
2-2: Foul Ball, location: 2F
2-2: Ball
3-2: Foul Ball, location: 2F
3-2: Strikes out swinging
Batting: SHB Jorge Iglésias 0-0: Ball
1-0: SINGLE (Groundball, 34S) (infield hit)
Robby Patterson to second
Batting: RHB Tomas van Noord 0-0: Ground out 3-1 (Groundball, 34)
Bottom of the 7th over - 0 runs, 1 hit, 0 errors, 2 left on base; Irving 2 - Little Caesars 4
TOP OF THE 8TH
Irving Blue Sox batting - Pitching for Little Caesars Hot N Readys : LHP Chance Schmidt
Now at C: Jaxon Dube
Batting: LHB Juan Jimínez 0-0: Ball
1-0: Ball
2-0: Called Strike
2-1: SOLO HOME RUN (Flyball, 9D), Distance : 369 ft
Batting: SHB Rafael Porfrio 0-0: Ball
1-0: Foul Ball, location: 2F
1-1: Fly out, F4 (Line Drive, 4M)
Batting: RHB Enrique Gómez 0-0: Foul Ball, location: 2F
0-1: Foul Ball, location: 2F
0-2: SINGLE (Flyball, 78M)
Pitching: RHP Frederick Vázquez
Batting: LHB Brenton Winston 0-0: Fly out, F7 (Flyball, 7LD)
Batting: LHB Gidde Collin 0-0: Ball
1-0: Ball
2-0: Called Strike
2-1: Ball
3-1: Ground out 4-3 (Groundball, 4)
Top of the 8th over - 1 run, 2 hits, 0 errors, 1 left on base; Irving 3 - Little Caesars 4
BOTTOM OF THE 8TH
Little Caesars Hot N Readys batting - Pitching for Irving Blue Sox : RHP Pong-keun Ch'oe
Batting: RHB Martin Dalling 0-0: Ball
1-0: Ground out 6-3 (Groundball, 6)
Batting: LHB Nathan Housden 0-0: Swinging Strike
0-1: Called Strike
0-2: Strikes out swinging
Batting: SHB Allen Pandey 0-0: Called Strike
0-1: Called Strike
0-2: Ball
1-2: Ball
2-2: Ground out 4-3 (Groundball, 34D)
Bottom of the 8th over - 0 runs, 0 hits, 0 errors, 0 left on base; Irving 3 - Little Caesars 4
TOP OF THE 9TH
Irving Blue Sox batting - Pitching for Little Caesars Hot N Readys : RHP Frederick Vázquez
Pinch Hitting: LHB Rafael Longoria 0-0: Ball
1-0: Foul Ball, location: 2F
1-1: Ball
2-1: Swinging Strike
2-2: Foul Ball, location: 2F
2-2: Ball
3-2: Base on Balls
Pinch Runner at 1st Javier Sandoval:
Batting: RHB Carlos Garza 0-0: Bunted foul
0-1: Bunted foul
0-2: Fly out, F7 (Flyball, 7S)
Batting: LHB Salvador Ramírez 0-0: Called Strike
0-1: Called Strike
0-2: Foul Ball, location: 2F
0-2: Strikes out looking
Batting: RHB Vince Staples 0-0: Swinging Strike
0-1: Ball
1-1: Ball
2-1: SINGLE (Line Drive, 89S)
Javier Sandoval to second
Batting: LHB Juan Jimínez 0-0: Ball
1-0: Ball
Wild Pitch!
Javier Sandoval to third
Vince Staples to second
2-0: Ball
3-0: Base on Balls
Batting: SHB Rafael Porfrio 0-0: Called Strike
0-1: Reached on error, E4 (Groundball, 4)
Javier Sandoval scores
Vince Staples to third
Juan Jimínez to second
Pinch Hitting: SHB Ryan Wood 0-0: Ball
1-0: Ball
2-0: Ball
3-0: Called Strike
3-1: Foul Ball, location: 2F
3-2: DOUBLE (Line Drive, 7LM)
Vince Staples scores
Juan Jimínez scores
Rafael Porfrio to third
Rafael Porfrio scores
Batting: LHB Brenton Winston 0-0: Called Strike
0-1: Swinging Strike
0-2: Ball
1-2: Ball
2-2: Foul Ball, location: 2F
2-2: Ball
3-2: Fly out, F6 (Popup, P)
Top of the 9th over - 4 runs, 2 hits, 1 error, 1 left on base; Irving 7 - Little Caesars 4
BOTTOM OF THE 9TH
Little Caesars Hot N Readys batting - Pitching for Irving Blue Sox : RHP Pong-keun Ch'oe
Now at 2B: Javier Sandoval
Now at SS: Scotty Smalls
Batting: RHB Cornelio Japón 0-0: Called Strike
0-1: Ball
1-1: Ground out 3-1 (Groundball, 34)
Batting: LHB Manuel Estrada 0-0: Ball
1-0: Ball
2-0: Swinging Strike
2-1: Ball
3-1: Foul Ball, location: 2F
3-2: Base on Balls
Batting: RHB Jaxon Dube 0-0: Ball
1-0: Ball
2-0: Fly out, F8 (Flyball, 78S)
Pitching: RHP Kerry Tenner
Batting: SHB Quentin Harrop 0-0: Ball
1-0: Fly out, F9 (Flyball, 9LMF)
Bottom of the 9th over - 0 runs, 0 hits, 0 errors, 1 left on base; Irving 7 - Little Caesars 4
Friday, March 29th, 2019 - OOTP Baseball 18.8 Build 76